 Dungeon Crawl Stone Soup version 0.29.1-15-g9cfb28693d (webtiles) character file.

Game seed: 3023809501189613818

3201 Peloso the Carver (level 9, -2/78 HPs)
             Began as a Minotaur Fighter on Apr 6, 2023.
             Was a Priest of Okawaru.
             Slain by a vampire (5 damage)
             ... on level 8 of the Dungeon.
             The game lasted 00:14:14 (7896 turns).

Peloso the Carver (Minotaur Fighter)                Turns: 7896, Time: 00:14:15

Health: -2/78      AC: 17    Str: 22    XL:     9   Next: 65%
Magic:  6/8        EV:  9    Int:  5    God:    Okawaru [***...]
Gold:   318        SH:  7    Dex: 13    Spells: 8/8 levels left

rFire   . . .      SeeInvis .   a - +0 long sword
rCold   . . .      Faith    .   d - +0 buckler
rNeg    . . .      Spirit   .   n - +0 plate armour
rPois   .          Reflect  .   (helmet restricted)
rElec   .          Harm     .   (no cloak)
rCorr   .          Rampage  .   t - +0 pair of gloves
Will    ++...                   (no boots)
Stlth   ..........              (no amulet)
HPRegen 0.23/turn               e - ring of willpower
MPRegen 0.11/turn               p - ring of willpower

@: heroic
A: horns 2, retaliatory headbutt
a: Renounce Religion, Heroism


You were on level 8 of the Dungeon.
You worshipped Okawaru.
Okawaru was most pleased with you.
You visited 1 branch of the dungeon, and saw 8 of its levels.

You collected 362 gold pieces.
You spent 44 gold pieces at shops.

Inventory:

Hand Weapons
 a - a +0 long sword (weapon)
Armour
 b - a +0 scale mail
 c - a +0 chain mail
 d - a +0 buckler (worn)
 n - a +0 plate armour (worn)
 t - a +0 pair of gloves (worn)
Jewellery
 e - a ring of willpower (left hand)
 p - a ring of willpower (right hand)
 x - a ring of fire
 y - an amulet of reflection
Scrolls
 g - 2 scrolls of teleportation
 h - 4 scrolls of poison
 l - 4 scrolls of butterflies
 m - 2 scrolls of noise
 o - 2 scrolls of immolation
 q - 2 scrolls of summoning
 v - a scroll of magic mapping
 w - a scroll of amnesia
 z - a scroll of torment {unknown}
Potions
 f - 5 potions of flight
 i - 2 potions of might
 j - 2 potions of brilliance
 s - 3 potions of curing
 u - 2 potions of haste


   Skills:
 + Level 6.7(11.7) Fighting
 + Level 11.5(16.5) Long Blades
 + Level 8.8(13.8) Armour
 + Level 2.1(7.1) Dodging
 + Level 0.6(5.6) Stealth
 + Level 6.5(11.5) Shields
 + Level 0.6 Invocations


You had 8 spell levels left.
You didn't know any spells.
Your spell library contained the following spells:

 Spells                   Type           Power      Damage    Failure   Level
 Apportation              Tloc           0%         N/A       100%        1
 Foxfire                  Conj/Fire      0%         2x1d4     100%        1
 Necrotise                Necr           0%         1d4       100%        1
 Poisonous Vapours        Pois/Air       0%         N/A       100%        2
 Conjure Flame            Conj/Fire      0%         6-21      100%        3
 Inner Flame              Hex/Fire       0%         N/A       100%        3
 Corpse Rot               Necr/Pois/Air  0%         N/A       100%        4
 Flame Wave               Conj/Fire      0%         2d4       100%        4
 Summon Small Mammal      Summ           Unusable   N/A       N/A         1

Dungeon Overview and Level Annotations

Branches:
Dungeon (8/15)             Temple (0/1) D:5
   Lair: D:8-11

Altars:
Ashenzari
Fedhas
Gozag
Hepliaklqana
Okawaru
Qazlal

Shops:
D:4 *


Innate Abilities, Weirdness & Mutations

You have a pair of horns on your head.
You reflexively headbutt those who attack you in melee.


Message History

You gain the combat prowess of a mighty hero.
Something hits you but does no damage. Something bites you.
* * * LOW HITPOINT WARNING * * *
Something draws strength from your injuries!
You feel much better. Something hits you but does no damage.
Something bites you but does no damage.
You closely miss something. You headbutt something. Something hits you!
* * * LOW HITPOINT WARNING * * *
Something bites you.
* * * LOW HITPOINT WARNING * * *
Something draws strength from your injuries!
You hit something. You hit something but do no damage.
Something hits you but does no damage. You block something's attack.
You hit something but do no damage. Something hits you.
* * * LOW HITPOINT WARNING * * *
Something bites you.
* * * LOW HITPOINT WARNING * * *
Something draws strength from your injuries!
You hit something but do no damage. Something hits you.
* * * LOW HITPOINT WARNING * * *
Something bites you.
* * * LOW HITPOINT WARNING * * *
Something draws strength from your injuries!
You feel much better. Something hits you but does no damage.
You block something's attack.
You aren't carrying any items that you can evoke.
You hit something. You hit something but do no damage.
Something hits you but does no damage. Something bites you!
* * * LOW HITPOINT WARNING * * *
Something draws strength from your injuries!
You closely miss something. Your headbutt misses something. Something hits you.
* * * LOW HITPOINT WARNING * * *
Something bites you but does no damage.
You slash something! Your headbutt misses something. You miss something.
Something draws life force from you!
* * * LOW HITPOINT WARNING * * *
You miss something. Something hits you.
You die...

#..... #..#
#....(#.#.##
#.#.# .
#.#.# ..
#.#.# ...
#.#.# ....
#.#.#
.....##.#.#
#...{@#.#
..<...#.#.#
#.#.. #...#
#.....###
#...###
..... .#..
##. .


There were no monsters in sight!

Vanquished Creatures
  A hornet (D:7)
  A wraith (D:5)
  5 water moccasins
  An orc warrior (D:6)
  2 ice beasts
  2 phantoms (D:4)
  A centaur (D:5)
  3 kobold brigands
  A gnoll sergeant (D:7)
  2 scorpions
  2 bullfrogs
  Blork the orc (D:6)
  2 necrophages
  4 wights (D:6)
  A howler monkey (D:6)
  A jelly (D:4)
  4 orc priests
  4 hounds
  An iguana (D:4)
  7 orc wizards
  11 adders
  12 gnolls
  2 shadow imps (D:6)
  A white imp (D:5)
  An ufetubus (D:5)
  2 worms
  A dart slug (D:1)
  34 orcs
  7 endoplasms
  2 giant cockroaches
  4 hobgoblins
  5 jackals
  6 ball pythons
  7 bats
  2 frilled lizards
  8 goblins
  18 kobolds
  2 rats (D:2)
  A spectral goblin (D:3)
172 creatures vanquished.

Notes
Turn   | Place    | Note
-------+----------+-------------------------------------------
     0 | D:1      | Peloso the Minotaur Fighter began the quest for the Orb.
     0 | D:1      | Reached XP level 1. HP: 19/19 MP: 0/0
   109 | D:1      | Found a faded altar of an unknown god.
   220 | D:1      | Reached XP level 2. HP: 24/27 MP: 1/1
   755 | D:2      | Reached skill level 3 in Long Blades
   891 | D:2      | Reached XP level 3. HP: 23/33 MP: 2/2
  1482 | D:2      | Reached skill level 4 in Long Blades
  1482 | D:2      | Reached XP level 4. HP: 39/40 MP: 3/3
  1498 | D:2      | Reached skill level 1 in Dodging
  1824 | D:3      | Found an iron altar of Okawaru.
  1830 | D:3      | Became a worshipper of Warmaster Okawaru
  2067 | D:3      | Found a blossoming altar of Fedhas.
  2349 | D:3      | Found a hazy altar of Hepliaklqana.
  2584 | D:4      | Noticed a phantom
  2612 | D:4      | Killed a phantom
  2613 | D:4      | Reached skill level 5 in Long Blades
  2613 | D:4      | Reached XP level 5. HP: 39/46 MP: 4/4
  2766 | D:3      | Reached XP level 6. HP: 42/52 MP: 5/5
  2898 | D:4      | Found a stormy altar of Qazlal.
  2924 | D:4      | Reached skill level 6 in Long Blades
  3151 | D:4      | Found Giqujoics's Serpentskin Sales.
  3151 | D:4      | Noticed a water moccasin
  3151 | D:4      | Noticed a water moccasin
  3151 | D:4      | Noticed a water moccasin
  3164 | D:3      | Killed a water moccasin
  3164 | D:3      | Reached * piety under Okawaru
  3165 | D:3      | Reached skill level 5 in Armour
  3165 | D:3      | Reached skill level 5 in Shields
  3464 | D:3      | Killed a water moccasin
  3465 | D:3      | Reached XP level 7. HP: 28/60 MP: 3/6
  3470 | D:3      | Reached skill level 7 in Long Blades
  3760 | D:4      | Bought a scroll of poison for 44 gold pieces
  4078 | D:4      | Reached ** piety under Okawaru
  4168 | D:5      | Entered Level 5 of the Dungeon
  4191 | D:4      | Reached skill level 5 in Fighting
  4296 | D:5      | Reached XP level 8. HP: 68/68 MP: 7/7
  4302 | D:5      | Found a staircase to the Ecumenical Temple.
  4309 | D:5      | Reached skill level 8 in Long Blades
  5121 | D:5      | Identified the +1 ring mail of Tentein {-Tele rF+ Int+3
                  | Dex+5}
  5155 | D:5      | Reached skill level 9 in Long Blades
  5377 | D:6      | Found an opulent altar of Gozag.
  5398 | D:6      | Reached *** piety under Okawaru
  5660 | D:6      | Identified the +5 dagger of Instant Death {holy, *Slow
                  | rPois Will+++ rCorr}
  5685 | D:6      | Noticed Blork the orc
  5720 | D:6      | Killed Blork the orc
  5728 | D:6      | Reached skill level 10 in Long Blades
  5728 | D:6      | Reached XP level 9. HP: 47/74 MP: 5/8
  6304 | D:7      | Paralysed by a hornet for 1 turns
  6904 | D:7      | Reached skill level 11 in Long Blades
  7185 | D:7      | Found a broken altar of Ashenzari.
  7634 | D:7      | Reached **** piety under Okawaru
  7889 | D:8      | HP: 3/78 [something (2)]
  7895 | D:8      | HP: 3/78 [something (7)]
  7896 | D:8      | Slain by a vampire

Illustrated notes

Levels and vault maps discovered:
D:1:      kennysheep_arrival_forest, layout_rooms,
          ebering_ecumenical_altar_ruins
D:2:      layout_basic
D:3:      layout_basic, fedhas_altar_2, nicolae_hepliaklqana_monster_ancestors,
          okawaru_ov_weapons_minmay
D:4:      layout_rooms, mainiacjoe_overflow_boulevard, guppyfry_shop_venom
D:5:      layout_cave_pools, minmay_temple_entry_large_hall, chequers_jeans,
          minmay_puff
D:6:      layout_basic, lemuel_round_altar, nicolae_underground_beach,
          uniq_blork_the_orc
D:7:      layout_basic, kennysheep_mini
D:8:      layout_basic, trog_butcher_becter, slow_altar_1, old_standard_altar

Skill      XL: |  1  2  3  4  5  6  7  8  9 |
---------------+----------------------------+-----
Shields        | 4 5 6 |  6.5
Long Blades    | 3 4 5 6 7 10 11 | 11.5
Armour         | 4 5 6 7 8 |  8.8
Dodging        | 1 2 |  2.1
Fighting       | 4 5 6 |  6.7
Stealth        | |  0.6
Invocations    | |  0.6

Action                   |  1- 3 |  4- 6 |  7- 9 || total
-------------------------+-------+-------+-------++-------
Melee: Long sword        |    96 |   139 |   412 ||   647
       Headbutt          |     4 |    29 |    88 ||   121
Invok: Heroism           |       |     2 |     8 ||    10
  Use: Scroll            |     1 |     6 |     7 ||    14
       Potion            |     1 |     1 |     3 ||     5
Armor: Scale mail        |    44 |       |       ||    44
       Chain mail        |     9 |    53 |       ||    62
       Plate armour      |       |    34 |   199 ||   233
Dodge: Dodged            |    49 |    48 |   106 ||   203
Block: Buckler           |    29 |    32 |   103 ||   164
